 Dungeon Crawl Stone Soup version 0.19.0-24-gb05acd6 (webtiles) character file.

64 smedtjen the Firebug (level 3, 0/21 HPs)
             Began as a High Elf Fire Elementalist on Nov 20, 2016.
             Slain by a jackal (3 damage)
             ... on level 1 of the Dungeon.
             The game lasted 00:05:08 (1880 turns).

smedtjen the Firebug (High Elf Fire Elementalist)   Turns: 1880, Time: 00:05:09

Health: 0/21       AC:  2    Str:  7    XL:     3   Next: 91%
Magic:  0/8        EV: 13    Int: 19    God:
Gold:   44         SH:  0    Dex: 16    Spells: 2 memorised, 5 levels left

rFire  . . .     SeeInvis .     h - +0 dagger
rCold  . . .     Gourm    .     a - +0 robe
rNeg   . . .     Faith    .     (no shield)
rPois  .         Spirit   .     (no helmet)
rElec  .         Reflect  .     (no cloak)
rCorr  .         Harm     .     (no gloves)
MR     .....                    (no boots)
Stlth  ++........               (no amulet)
                                (no ring)
                                (no ring)

@: no status effects
A: no striking features
a: no special abilities


You were on level 1 of the Dungeon.
You were not hungry.

You visited 1 branch of the dungeon, and saw 2 of its levels.

You collected 44 gold pieces.

Inventory:

Hand Weapons
 h - a +0 dagger (weapon)
Missiles
 l - 40 stones (quivered)
Armour
 a - a +0 robe (worn)
Scrolls
 e - 2 scrolls of immolation {unknown}
 f - a scroll of identify {unknown}
 g - a scroll of remove curse {unknown}
 i - a scroll of magic mapping {unknown}
Potions
 j - a potion of invisibility {unknown}
 k - 2 potions of curing
Books
 b - a book of Flames

   Spells                             Type                      Level
   a - Flame Tongue                   Conjuration/Fire             1
   b - Throw Flame                    Conjuration/Fire             2
   c - Conjure Flame                  Conjuration/Fire             3
   d - Inner Flame                    Hexes/Fire                   3
   e - Sticky Flame                   Conjuration/Fire             4
   f - Fireball                       Conjuration/Fire             5
Comestibles
 c - 2 bread rations


   Skills:
 + Level 0.2 Fighting
 + Level 2.5 Dodging
 + Level 2.4 Stealth
 + Level 3.1 Spellcasting
 + Level 1.5 Conjurations
 + Level 3.9 Fire Magic


You had 5 spell levels left.
You knew the following spells:

 Your Spells              Type           Power        Failure   Level  Hunger
a - Flame Tongue          Conj/Fire      ##...        6%          1    None
b - Throw Flame           Conj/Fire      ##....       10%         2    ##.....


Dungeon Overview and Level Annotations

Branches:
Dungeon (2/15)

Altars:


Message History

You closely miss the jackal.
The jackal is heavily wounded.
The jackal bites you.
* * * LOW HITPOINT WARNING * * *
The jackal completely misses you.
You hit the jackal.
The jackal is severely wounded.
The jackal misses you. The jackal completely misses you.
The jackal bites you but does no damage.
Casting: Flame Tongue
Confirm with . or Enter, or press ? or * to list all spells.
Aiming: Flame Tongue
Press: ? - help, Shift-Dir - straight line, f/p - jackal
Aim: a jackal (severely wounded)
The flame tongue hits the jackal.
You kill the jackal!
The jackal bites you.
* * * LOW HITPOINT WARNING * * *
The jackal bites you.
You die...

......#...........#
.####.#.#####.###.#
.#....#.#####.###.######
.#......†..............#
.>...)..##.#..#.#.####.#
.##.#.........#.#.##...##
........##........#.....###
.##.##..####..###.........#
.##.##........hh@†).......#
.##.##.###.....##.........#
.......# #................#
###..### #......##........#
##..# #..............###
##.#.# ######.##.#...##
#..#.# #.##>##.##
.#.#.####### ##.......#
##.#.......# #........# ###


You could see 2 jackals.

Vanquished Creatures
  Natasha (D:1)
  A leopard gecko (D:1)
  6 bats (D:1)
  2 giant cockroaches (D:1)
  4 goblins (D:1)
  6 hobgoblins (D:1)
  5 jackals (D:1)
  2 frilled lizards
  4 kobolds (D:1)
  4 rats (D:1)
35 creatures vanquished.

Notes
Turn   | Place    | Note
-------+----------+-------------------------------------------
     0 | D:1      | smedtjen the High Elf Fire Elementalist began the quest for the Orb.
     0 | D:1      | Reached XP level 1. HP: 11/11 MP: 4/4
   168 | D:1      | Reached XP level 2. HP: 10/17 MP: 3/6
   462 | D:1      | Learned a level 2 spell: Throw Flame
  1126 | D:1      | Reached XP level 3. HP: 21/21 MP: 4/8
  1771 | D:2      | Noticed Natasha
  1791 | D:1      | Killed Natasha
  1880 | D:1      | Slain by a jackal

Skill      XL: |  1  2  3 |
---------------+----------+-----
Spellcasting   | 3 |  3.1
Fighting       | |  0.2
Dodging        | |  2.5
Stealth        | |  2.4
Conjurations   | |  1.5
Fire Magic     | |  3.9

Action                   || total
-------------------------++-------
Melee: Unarmed           ||     2
       Dagger            ||    24
 Cast: Flame Tongue      ||    49
       Throw Flame       ||    15
  Eat: Meat ration       ||     1
Armor: Robe              ||    12
Dodge: Dodged            ||    37
